Map: Oxide LE

Players

Rail

  • Race: Protoss Protoss

Gerald - Winner!

  • Race: Protoss Protoss

Event: DreamHack SC2 Masters 2021 Winter

VOD

Have the link to the VOD?

Description

Time

  • Played on: Oct. 9, 2021, 1:44 p.m.
  • Length: 13:53

All games in this series

Show
View Real Time Build Order
Export as new Build Order

Rail Protoss 

Build Orders: Oracle Opening 

Get SALT Encoding   

  12  0:00  Probe  
  13  0:13  Probe  
  14  0:17  Pylon  
  14  0:25  Probe (Chrono Boost)  
  15  0:37  Gateway, Probe (Chrono Boost)  
  16  0:45  Probe (Chrono Boost)  
  16  0:46  Assimilator  
  17  0:52  Probe (Chrono Boost)  
  18  0:57  Assimilator  
  19  1:04  Probe (Chrono Boost)  
  19  1:05  Pylon  
  19  1:13  Probe (Chrono Boost)  
  20  1:18  Probe  
  20  1:24  Cybernetics Core  
  21  1:30  Probe  
  21  1:31  Zealot  
  24  1:42  Probe  
  25  1:54  Probe  
  26  2:04  Stargate  
  26  2:07  Probe  
  27  2:13  Stalker  
  29  2:19  Probe  
  29  2:22  Pylon  
  30  2:25  Warp Gate  
  30  2:47  Oracle (Chrono Boost)  
  33  2:52  Shield Battery  
  33  2:57  Nexus  
  33  3:02  Stalker  
  33  3:04  Probe  
  36  3:26  Probe  
  34  3:28  Twilight Council  
  34  3:38  Probe  
  34  3:39  Gateway  
  35  3:50  Probe  
  36  4:02  Pylon  
  37  4:03  Probe (Chrono Boost)  
  37  4:07  Blink (Chrono Boost)  
  37  4:12  Probe (Chrono Boost)  
  37  4:13  Stalker  
  37  4:15  Probe (Chrono Boost)  
  41  4:22  Gateway, Probe (Chrono Boost)  
  41  4:23  Probe (Chrono Boost)  
  43  4:27  Probe (Chrono Boost)  
  43  4:31  Probe (Chrono Boost)  
  45  4:38  Robotics Facility  
  45  4:39  Probe (Chrono Boost)  
  45  4:43  Pylon  
  45  4:45  Probe x2 (Chrono Boost)  
  47  4:53  Probe x2  
  47  4:56  Stalker, Sentry  
  47  4:58  Assimilator  
  53  5:01  Forge  
  53  5:05  Probe x2  
  55  5:12  Pylon  
  55  5:14  Nexus  
  55  5:19  Sentry  
  55  5:20  Stalker  
  55  5:21  Probe  
  60  5:26  Gateway, Observer, Protoss Ground Weapons Level 1 (Chrono Boost)  
  61  5:29  Probe  
  61  5:31  Shield Battery  
  62  5:36  Gateway  
  62  5:41  Probe  
  63  5:46  Probe  
  63  5:47  Pylon  
  63  5:48  Stalker  
  66  5:52  Stalker  
  68  5:57  Probe  
  68  5:58  Assimilator, Probe  
  70  6:06  Immortal (Chrono Boost)  
  70  6:08  Observer  
  70  6:09  Probe  
  75  6:17  Pylon  
  75  6:26  Probe x2  
  75  6:27  Stalker x3  
  75  6:28  Probe  
  84  6:38  Probe, Pylon  
  84  6:39  Stalker  
  87  6:41  Probe  
  88  6:47  Immortal (Chrono Boost)  
  88  6:50  Probe, Pylon  
  93  6:55  Observer  
  93  6:56  Probe x2  
  93  6:58  Stalker  
  93  7:01  Stalker  
  99  7:02  Pylon  
  99  7:03  Probe  
  100  7:08  Probe  
  100  7:12  Gateway  
  100  7:13  Gateway  
  101  7:17  Stalker  
  101  7:21  Stalker x2  
  106  7:24  Observer, Protoss Ground Weapons Level 2 (Chrono Boost), Pylon  
  106  7:27  Probe  
  106  7:28  Probe  
  106  7:29  Photon Cannon  
  109  7:37  Probe  
  109  7:38  Robotics Bay  
  109  7:40  Assimilator  
  109  7:42  Pylon  
  110  7:45  Assimilator  
  110  7:48  Pylon, Shield Battery  
  110  7:53  Stalker, Phoenix  
  110  7:55  Stalker  
  114  8:00  Gateway  
  114  8:03  Stalker  
  114  8:05  Zealot  
  118  8:06  Charge  
  118  8:13  Stalker x2  
  118  8:16  Pylon  
  118  8:18  Photon Cannon  
  122  8:20  Stalker  
  122  8:24  Stalker  
  122  8:25  Disruptor (Chrono Boost)  
  126  8:29  Zealot  
  126  8:32  Pylon  
  131  8:37  Zealot x2  
  129  8:41  Probe  
  129  8:42  Probe  
  129  8:45  Zealot  
  129  8:48  Probe  
  116  8:50  Zealot x2  
  116  8:53  Probe  
  116  8:54  Probe  
  101  9:00  Stalker, Probe  
  101  9:01  Stalker  
  92  9:05  Probe  
  92  9:07  Observer  
  92  9:08  Probe  
  92  9:12  Probe  
  92  9:13  Stalker x2  
  92  9:16  Pylon  
  97  9:22  Sentry  
  99  9:25  Colossus (Chrono Boost)  
  105  9:36  Templar Archives  
  105  9:37  Zealot x3  
  105  9:38  Sentry  
  113  9:43  Gateway  
  113  9:44  Extended Thermal Lance (Chrono Boost)  
  113  9:51  Zealot x2  
  116  9:55  Zealot  
  118  10:01  Pylon  
  118  10:05  Pylon  
  118  10:06  Colossus (Chrono Boost)  
  118  10:08  Pylon  
  124  10:19  Zealot, High Templar x2  
  124  10:20  Zealot x2  
  134  10:22  Zealot  
  134  10:23  Archon  
  136  10:29  Zealot  
  136  10:32  Observer  
  136  10:38  Pylon  
  136  10:39  Warp Prism (Chrono Boost)  
  136  10:41  Zealot x2, High Templar x2  
  144  10:44  Zealot  
  144  10:45  Archon  
  148  10:59  High Templar  
  148  11:00  Zealot, High Templar  
  148  11:02  Stalker, Zealot  
  148  11:03  Pylon  
  158  11:04  Archon  
  158  11:05  Stalker  
  156  11:14  Zealot, Sentry  
  156  11:17  Photon Cannon  
  160  11:21  Observer, Zealot  
  163  11:29  Stalker x3  
  149  11:43  Stalker x2  
  149  11:45  Stalker x2  
  125  11:55  Stalker  
  125  11:56  Zealot x3  
  108  12:02  Observer  
  93  12:14  Stalker x3  
  93  12:15  Stalker  
  99  12:18  Stalker x3  
  99  12:19  Stalker  
  99  12:36  Observer  
  97  12:38  Stalker  
  97  12:39  Zealot x3  
  97  12:41  Stalker  
  97  12:44  Zealot x2  
  103  12:46  Zealot  
  91  12:59  Stalker x3  
  91  13:03  Stalker  
  91  13:04  Stalker x3  
  105  13:09  Stalker  
  105  13:10  Observer  
  107  13:16  Stalker  
  101  13:20  Stalker x2  
  101  13:24  Stalker x2  
  101  13:25  Stalker  
  103  13:34  Stalker, Zealot  
  80  13:42  Stalker  
Show
View Real Time Build Order
Export as new Build Order

Gerald Protoss - Winner!

Build Orders: Blink Stalkers, Zealot Archon 

Get SALT Encoding   

  12  0:00  Probe  
  13  0:12  Probe  
  14  0:17  Pylon  
  14  0:24  Probe (Chrono Boost)  
  16  0:37  Probe (Chrono Boost)  
  16  0:39  Gateway  
  16  0:42  Probe (Chrono Boost)  
  16  0:48  Assimilator  
  17  0:52  Probe  
  18  0:57  Assimilator  
  19  1:04  Probe (Chrono Boost)  
  19  1:10  Gateway  
  19  1:13  Probe (Chrono Boost)  
  20  1:23  Probe  
  21  1:26  Cybernetics Core  
  21  1:32  Pylon  
  21  1:35  Probe  
  22  1:47  Probe  
  23  2:00  Probe  
  24  2:03  Stalker x2  
  28  2:09  Warp Gate (Chrono Boost), Pylon  
  28  2:12  Probe  
  29  2:20  Cybernetics Core  
  29  2:27  Probe  
  30  2:32  Pylon  
  30  2:39  Probe  
  31  2:51  Probe  
  31  2:58  Nexus  
  32  3:02  Twilight Council  
  32  3:05  Probe  
  32  3:17  Shield Battery  
  32  3:21  Probe  
  31  3:33  Probe (Chrono Boost), Forge  
  32  3:37  Blink (Chrono Boost)  
  32  3:42  Probe (Chrono Boost)  
  32  3:48  Probe  
  33  3:54  Stalker x2  
  38  4:00  Probe  
  39  4:03  Robotics Facility  
  39  4:06  Protoss Ground Weapons Level 1 (Chrono Boost)  
  39  4:11  Probe  
  40  4:20  Probe  
  40  4:21  Shield Battery  
  40  4:23  Probe  
  42  4:31  Stalker  
  42  4:32  Probe  
  42  4:35  Probe  
  42  4:36  Stalker  
  48  4:44  Probe  
  50  4:54  Observer  
  50  4:56  Stalker, Probe  
  50  4:58  Gateway  
  50  4:59  Pylon  
  53  5:00  Gateway  
  53  5:05  Probe  
  54  5:09  Gateway  
  54  5:10  Gateway  
  54  5:14  Assimilator  
  54  5:17  Observer  
  54  5:20  Stalker  
  57  5:22  Stalker  
  57  5:25  Pylon  
  59  5:31  Pylon  
  59  5:42  Nexus  
  59  5:43  Probe  
  60  5:51  Observer  
  61  5:58  Gateway x2  
  61  6:01  Stalker, Probe  
  61  6:02  Probe  
  65  6:11  Stalker  
  65  6:13  Probe  
  65  6:14  Probe, Charge  
  65  6:15  Observer  
  65  6:16  Protoss Ground Weapons Level 2 (Chrono Boost)  
  69  6:26  Probe x2 (Chrono Boost)  
  71  6:38  Probe x2 (Chrono Boost)  
  73  6:43  Zealot x2  
  73  6:44  Probe (Chrono Boost)  
  73  6:46  Observer  
  78  6:47  Gateway  
  78  6:49  Gateway  
  78  6:51  Pylon  
  78  6:53  Probe  
  78  6:54  Probe x2  
  81  7:03  Templar Archives  
  81  7:05  Warp Prism, Probe  
  81  7:06  Probe  
  85  7:10  Observer  
  85  7:15  Observer  
  85  7:19  Zealot x4  
  96  7:23  Observer  
  96  7:27  Assimilator  
  93  7:30  Pylon x2  
  93  7:35  Pylon  
  93  7:42  High Templar x2  
  93  7:43  Zealot x2  
  101  7:45  Observer  
  101  7:48  Pylon  
  101  7:49  Archon  
  101  7:52  Observer  
  101  7:54  High Templar  
  101  7:55  Zealot x4, High Templar  
  111  7:59  Pylon  
  111  8:01  Archon  
  111  8:02  Pylon  
  111  8:04  Zealot x2  
  115  8:17  Zealot x6  
  127  8:22  Pylon  
  123  8:43  Zealot x5  
  123  8:44  Zealot x5  
  111  8:57  Probe  
  111  9:02  Observer  
  95  9:14  Nexus  
  90  9:18  Stalker x8  
  90  9:21  Pylon  
  102  9:28  Observer  
  102  9:29  Stalker x2  
  106  9:33  Protoss Ground Armor Level 1 (Chrono Boost)  
  106  9:34  Dark Shrine  
  106  9:36  Robotics Bay  
  106  9:45  Observer  
  106  9:52  Zealot x2  
  106  9:53  Zealot x4  
  106  9:59  Zealot x2  
  122  10:05  Zealot x2  
  126  10:10  Probe x3  
  126  10:13  Shield Battery  
  129  10:15  Pylon  
  129  10:20  Observer  
  129  10:23  Probe  
  129  10:24  Disruptor (Chrono Boost)  
  129  10:26  Probe  
  129  10:27  Robotics Facility  
  129  10:28  Probe x2  
  136  10:31  Assimilator  
  136  10:34  Photon Cannon  
  134  10:39  Photon Cannon  
  137  10:50  Disruptor (Chrono Boost)  
  137  10:51  Probe x2  
  137  10:52  Assimilator  
  137  10:53  Assimilator  
  137  10:54  Probe x2  
  137  10:56  Pylon  
  141  11:03  Probe  
  141  11:05  Dark Templar  
  141  11:15  Photon Cannon, Disruptor  
  141  11:17  Photon Cannon  
  144  11:18  Shield Battery  
  144  11:19  Pylon  
  144  11:20  Disruptor  
  144  11:21  Shadow Stride (Chrono Boost)  
  144  11:25  Probe  
  148  11:27  Shield Battery  
  148  11:30  Stalker x2  
  148  11:31  Photon Cannon  
  148  11:39  Dark Templar x3  
  146  11:40  Stalker  
  136  11:51  Stalker x4  
  125  11:59  Stalker x2  
  93  12:12  Stalker x4  
  93  12:14  Archon, Disruptor  
  95  12:18  Stalker x3  
  101  12:24  Disruptor (Chrono Boost)  
  101  12:28  Photon Cannon  
  103  12:32  Stalker x3  
  103  12:37  Zealot x3  
  103  12:40  Zealot  
  103  12:43  Observer  
  105  12:49  Disruptor (Chrono Boost)  
  101  12:54  Stalker x3  
  104  13:01  Dark Templar x2  
  104  13:02  Sentry  
  110  13:08  Stalker x2, Archon  
  108  13:22  Zealot x5  
  106  13:28  Zealot  
  105  13:40  Stalker x3  
  100  13:45  Zealot x3  

Tags
 
Add a new tag
Caveats
  • Supply blocks, unpowered buildings, or Contaminate may cause inaccurate times.
  • Supply counts are checked every 10 seconds.